 Dungeon Crawl Stone Soup version 0.30-a0-142-g7370640ec8 (webtiles) character file.

Game seed: 11746073172675866675

46 Gargoyl the Trooper (level 3, -3/24 HPs)
             Began as a Gargoyle Berserker on Sept 26, 2022.
             Was a Follower of Trog.
             Slain by Crazy Yiuf
             ... wielding a +4 quarterstaff of chaos
              (8 damage)
             ... while paralysed by Crazy Yiuf
             ... on level 2 of the Dungeon.
             The game lasted 00:01:38 (2227 turns).

Gargoyl the Trooper (Gargoyle Berserker)            Turns: 2227, Time: 00:01:39

Health: -3/24      AC:  6    Str: 20    XL:     3   Next: 68%
Magic:  3/3        EV:  2    Int:  7    God:    Trog [*.....]
Gold:   87         SH:  0    Dex: 11    Spells: 2/2 levels left

rFire   . . .      SeeInvis .    m - +0 war axe
rCold   . . .      Faith    .    (no shield)
rNeg    + . .      Spirit   .    b - +0 animal skin
rPois   ∞          Reflect  .    (no helmet)
rElec   +          Harm     .    l - +0 cloak
rCorr   .          Rampage  .    (no gloves)
Will    .....                    (no boots)
Stlth   +.........               (no amulet)
HPRegen 0.08/turn                (no ring)
MPRegen 0.08/turn                (no ring)

@: paralysed
A: sickness immunity, AC +3, negative energy resistance 1, electricity
resistance, torment resistance 1, petrification resistance
a: Renounce Religion, Berserk


You were on level 2 of the Dungeon.
You worshipped Trog.
Trog was aware of your devotion.
You visited 1 branch of the dungeon, and saw 2 of its levels.

You collected 87 gold pieces.

Inventory:

Hand Weapons
 a - a +0 hand axe
 m - a +0 war axe (weapon)
Missiles
 f - 2 poisoned darts (quivered)
Armour
 b - a +0 animal skin (worn)
 l - a +0 cloak (worn)
Scrolls
 c - a scroll of identify {unknown}
 e - 3 scrolls of fog {unknown}
 g - a scroll of enchant weapon {unknown}
 i - 3 scrolls of teleportation {unknown}
 k - a scroll of poison {unknown}
 n - a scroll of enchant armour {unknown}
Potions
 d - a potion of ambrosia {unknown}
 h - a potion of attraction {unknown}
 j - 3 potions of curing {unknown}


   Skills:
 + Level 3.8 Fighting
 + Level 3.1 Axes
 + Level 2.4 Armour
 + Level 2.1 Dodging
 + Level 0.5 Stealth


You had 2 spell levels left.
You didn't know any spells.
Your spell library was empty.

Dungeon Overview and Level Annotations

Branches:
Dungeon (2/15)

Altars:

Annotations:
D:2 Crazy Yiuf


Innate Abilities, Weirdness & Mutations

You are immune to sickness and miasma.
Your stone body is resilient. (AC +3)
You are immune to poison.
You resist negative energy. (rN+)
You are resistant to electric shocks. (rElec)
You are resistant to unholy torment.
You are immune to petrification.


Message History

Trog accepts your kill.
You see here a hobgoblin corpse.
A bat comes into view.
A bat is nearby!
A bat is nearby!
The bat hits you but does no damage. The bat closely misses you.
You slash the bat!
You kill the bat!
Trog accepts your kill.
You see here a bat corpse.
Found a robe.
There is a stone staircase leading up here.
You see here a +0 dagger.
Found an escape hatch in the ceiling.
There is an escape hatch in the ceiling here.
Found an escape hatch in the floor.
You now have 87 gold pieces (gained 17).
Found a spear.
A rat comes into view.
A rat is nearby!
The rat bites you.
You barely miss the rat. The rat closely misses you.
You slash the rat!
You kill the rat!
Trog accepts your kill.
Found a hammer.
Found a runed translucent door.
Crazy Yiuf laughs, "Nubble!
Key forty-two eyeball."
Found a stone staircase leading up.
You open the door.
Crazy Yiuf screams, "Earwax!"
You fail to use your ability.
Crazy Yiuf barely misses you.
You hit Crazy Yiuf but do no damage.
Crazy Yiuf yells, "Paint disdain leg!"
Crazy Yiuf hits you with a +4 quarterstaff of chaos!
You suddenly lose the ability to move!
Crazy Yiuf hits you with a +4 quarterstaff of chaos!
* * * LOW HITPOINT WARNING * * *
Crazy Yiuf hits you with a +4 quarterstaff of chaos!
You die...

...##.............#......#.##....
.........##.....#.#.######.##....
...####..##(.>#.#.#.# ###.##....
...# #.############# #...##....
...# #.# ######.### ...#
##.##♣♣♣♣♣ ####.## ...#
#).+...♣.♣♣♣ ### #.....# ####
#....PP.♣..♣#...# #.....#
#......♣♣♣♣@g...# #.....#
######..+..♣♣ ♣♣#..)# #.....#
........##♣♣ ### #.....#
###.....# ###.....# #.....#
#.......# #.....###########
####.......##
#.......##......###..........##
#...............#...##.......##
###.......#.......#...##.......##


You could see Crazy Yiuf.

Vanquished Creatures
  2 adders (D:2)
  A worm (D:2)
  A dart slug (D:1)
  3 ball pythons
  3 endoplasms
  2 goblins
  2 hobgoblins
  2 quokkas
  4 bats
  A frilled lizard (D:1)
  A kobold (D:1)
  2 rats
24 creatures vanquished.

Notes
Turn   | Place    | Note
-------+----------+-------------------------------------------
     0 | D:1      | Gargoyl the Gargoyle Berserker began the quest for the Orb.
     0 | D:1      | Reached XP level 1. HP: 14/14 MP: 1/1
   371 | D:1      | Reached XP level 2. HP: 18/19 MP: 2/2
  1318 | D:2      | Reached XP level 3. HP: 21/24 MP: 3/3
  2173 | D:2      | Found a runed translucent door.
  2174 | D:2      | Noticed Crazy Yiuf
  2225 | D:2      | Paralysed by Crazy Yiuf for 5 turns
  2227 | D:2      | Slain by Crazy Yiuf

Illustrated notes

Levels and vault maps discovered:
D:1:      psy_arrival_basics, layout_loops_corners, dk_noncrumbling_4,
          hangedman_decor_slide_cut
D:2:      layout_basic, uniq_crazy_yiuf_cottage

Skill      XL: |  1  2  3 |
---------------+----------+-----
Axes           | 3 |  3.1
Dodging        | 2 |  2.1
Fighting       | |  3.8
Armour         | |  2.4
Stealth        | |  0.5

Action                   || total
-------------------------++-------
Melee: Hand axe          ||    47
       War axe           ||    23
       Punch             ||     1
Armor: Animal skin       ||    30
Dodge: Dodged            ||    50

Table legend: (Time is in decaauts)
 A = Elapsed time spent in this place.
 B = Non-inter-level travel time spent in this place.
 C = Inter-level travel time spent in this place.
 D = Time resting spent in this place.
 E = Time spent auto-exploring this place.
 F = Levels seen in this place.
 G = Mean time per level.
                   A        B        C        D        E       F      G
               +--------+--------+--------+--------+--------+-----+--------+
         Total |   2242 |   2204 |     38 |      0 |   1901 |   2 | 1121.0 |
       Dungeon |   2242 |   2204 |     38 |      0 |   1901 |   2 | 1121.0 |
               +--------+--------+--------+--------+--------+-----+--------+

Top non-repeatable levels by time:
     D:1: 1207 daAuts
     D:2: 1035 daAuts
